 Dungeon Crawl Stone Soup version 0.30-a0-341-g682706514a (webtiles) character file.

Game seed: 8146994284048378432

59 koil the Sneak (level 3, -1/18 HPs)
             Began as a Spriggan Brigand on Nov 2, 2022.
             Slain by a worm (6 damage)
             ... on level 2 of the Dungeon.
             The game lasted 00:02:18 (843 turns).

koil the Sneak (Spriggan Brigand)                    Turns: 843, Time: 00:02:19

Health: -1/18      AC:  3    Str:  7    XL:     3   Next: 78%
Magic:  6/6        EV: 17    Int: 14    God:
Gold:   27         SH:  0    Dex: 16    Spells: 4/4 levels left

rFire   . . .      SeeInvis +    a - +2 dagger
rCold   . . .      Faith    .    (no shield)
rNeg    . . .      Spirit   .    b - +0 robe
rPois   .          Reflect  .    (helmet restricted)
rElec   .          Harm     .    c - +0 cloak
rCorr   .          Rampage  .    (gloves unavailable)
Will    .....                    (boots unavailable)
Stlth   +++.......               (no amulet)
HPRegen 0.23/turn                (no ring)
MPRegen 0.10/turn                (no ring)

@: very quick
A: very small, no large weapons, unfitting armour, see invisible, speed 3
a: no special abilities


You were on level 2 of the Dungeon.
You visited 1 branch of the dungeon, and saw 2 of its levels.

You collected 27 gold pieces.

Inventory:

Hand Weapons
 a - a +2 dagger (weapon)
Missiles
 d - 9 poisoned darts (quivered)
 e - 3 curare-tipped darts
Armour
 b - a +0 robe (worn)
 c - a +0 cloak (worn)
Scrolls
 g - a scroll of identify {unknown}
 j - a scroll of butterflies {unknown}
 k - a scroll of teleportation {unknown}
 l - a scroll of summoning {unknown}
Potions
 f - a potion of mutation {unknown}
 h - a potion of curing {unknown}
 i - a potion of flight {unknown}
 m - a potion of resistance {unknown}


   Skills:
 + Level 1.9 Fighting
 + Level 2.5 Short Blades
 - Level 2.0 Throwing
 + Level 2.3 Dodging
 + Level 6.2 Stealth
 + Level 1.3 Spellcasting
 + Level 0.7 Conjurations
 + Level 1.0 Poison Magic


You had 4 spell levels left.
You didn't know any spells.
Your spell library was empty.

Dungeon Overview and Level Annotations

Branches:
Dungeon (2/15)

Altars:


Innate Abilities, Weirdness & Mutations

You are very small and have problems with some larger weapons.
You are too small for most types of armour.
You have supernaturally acute eyesight. (SInv)
You cover ground extremely quickly. (Speed+++)


Message History

The adder completely misses you.
You hit the adder.
You kill the adder!
You hit the hobgoblin.
The hobgoblin is moderately wounded.
The hobgoblin hits you.
You barely miss the hobgoblin.
The hobgoblin is moderately wounded.
The hobgoblin hits you.
You barely miss the hobgoblin.
The hobgoblin is moderately wounded.
The hobgoblin misses you.
You hit the hobgoblin.
You kill the hobgoblin!
You barely miss the worm. You hit the worm.
The worm is lightly wounded.
The worm bites you!
* * * LOW HITPOINT WARNING * * *
You hit the worm.
The worm is moderately wounded.
You hit the worm.
The worm is heavily wounded.
The worm misses you.
You hit the worm.
The worm is heavily wounded.
You hit the worm but do no damage.
The worm is heavily wounded.
The worm closely misses you.
You hit the worm.
The worm is severely wounded.
You hit the worm.
The worm is severely wounded.
The worm closely misses you.
You hit the worm.
The worm is severely wounded.
You hit the worm.
The worm is almost dead.
The worm bites you.
You die...

#...............#.....###
#........ ####..#
#...##### ##.# #.#.# #.#
#...# #.# #...# ####.###
#...# ##......# ##w##
##..##.#..
#@#######.#.##.#..
#............#....
##########..........##..
#..........#........##..
###.#####.........).......
#...# #.####..##.#..####
#.### #.# #..##.†..# #.#
####.####........# #.#
#†......##.####..#


You could see a worm.

Vanquished Creatures
  2 adders (D:2)
  A dart slug (D:1)
  A worm (D:2)
  6 endoplasms
  A giant cockroach (D:2)
  A goblin (D:1)
  6 hobgoblins
  3 kobolds (D:1)
  6 ball pythons
  A bat (D:1)
  5 frilled lizards
  5 rats
38 creatures vanquished.

Notes
Turn   | Place    | Note
-------+----------+-------------------------------------------
     0 | D:1      | koil the Spriggan Brigand began the quest for the Orb.
     0 | D:1      | Reached XP level 1. HP: 10/10 MP: 2/2
    62 | D:1      | Reached XP level 2. HP: 12/15 MP: 2/4
   107 | D:1      | Reached skill level 6 in Stealth
   170 | D:1      | Reached skill level 1 in Spellcasting
   346 | D:1      | Reached XP level 3. HP: 10/18 MP: 5/5
   821 | D:2      | Reached skill level 1 in Poison Magic
   843 | D:2      | Slain by a worm

Illustrated notes

Levels and vault maps discovered:
D:1:      amcnicky_arrival_single_pillar, layout_rooms
D:2:      layout_loops_cross

Skill      XL: |  1  2  3 |
---------------+----------+-----
Dodging        | 2 |  2.3
Stealth        | 6 |  6.2
Spellcasting   | 1 |  1.3
Poison Magic   | 1 |  1.0
Fighting       | |  1.9
Short Blades   | |  2.5
Throwing       | |  2.0
Conjurations   | |  0.7

Action                   || total
-------------------------++-------
Melee: Dagger            ||   140
 Stab: Sleeping          ||     9
Armor: Robe              ||     7
Dodge: Dodged            ||    83

Table legend: (Time is in decaauts)
 A = Elapsed time spent in this place.
 B = Non-inter-level travel time spent in this place.
 C = Inter-level travel time spent in this place.
 D = Time resting spent in this place.
 E = Time spent auto-exploring this place.
 F = Levels seen in this place.
 G = Mean time per level.
                   A        B        C        D        E       F      G
               +--------+--------+--------+--------+--------+-----+--------+
         Total |    595 |    559 |     36 |     51 |    296 |   2 |  297.5 |
       Dungeon |    595 |    559 |     36 |     51 |    296 |   2 |  297.5 |
               +--------+--------+--------+--------+--------+-----+--------+

Top non-repeatable levels by time:
     D:1: 403 daAuts
     D:2: 192 daAuts
